 Dungeon Crawl Stone Soup version 0.30-a0-465-g8901f6c8b5 (webtiles) character file.

Game seed: 12512865044452197065

10839 Bnni the Artisan of Death (level 11, 0/130 HPs)
             Began as a Demonspawn Necromancer on Dec 18, 2022.
             Was a Priest of Kikubaaqudgha.
             Killed by divine providence
             ... invoked by an orc priest
              (8 damage)
             ... on level 11 of the Dungeon.
             The game lasted 00:24:16 (9942 turns).

Bnni the Artisan of Death (Demonspawn Necromancer)  Turns: 9942, Time: 00:24:17

Health: 0/130      AC: 25    Str: 10    XL:     11   Next: 41%
Magic:  0/41       EV:  2    Int: 19    God:    Kikubaaqudgha [***...]
Gold:   434        SH:  0    Dex: 18    Spells: 3/26 levels left

rFire   + . .      SeeInvis .    P - +3 trident "Mefaj" {drain, rF+ Dex+4 Stlth+}
rCold   . . .      Faith    .    B - orb {*Rage}
rNeg    . . .      Spirit   +    (body armour currently unavailable)
rPois   +          Reflect  .    (helmet currently unavailable)
rElec   .          Harm     .    (cloak currently unavailable)
rCorr   .          Rampage  .    (gloves unavailable)
Will    .....      Rage     20%  (boots currently unavailable)
Stlth   +++....... NoTele   +    K - amulet of guardian spirit
HPRegen 0.41/turn                q - ring of magical power
MPRegen 0.27/turn                t - ring of magical power

@: tree-form, death channelling, animating dead, studying Throwing
A: stationary, stasis, torment immunity, boosted hp, repulsion field 1, foul
stench 2, powered by pain 2, (demonic touch 3)
a: Renounce Religion, Unearth Wretches


You were on level 11 of the Dungeon.
You worshipped Kikubaaqudgha.
Kikubaaqudgha was most pleased with you.
You were a tree.
You visited 2 branches of the dungeon, and saw 12 of its levels.

You collected 524 gold pieces.
You spent 90 gold pieces at shops.

Inventory:

Hand Weapons
 o - the +5 dagger of Kyosiloa {venom, rElec rPois MP+9 Str-5}
   (You found it on level 2 of the Dungeon)

   It poisons the flesh of those it strikes.
   Str:       It affects your strength (-5).
   rElec:     It insulates you from electricity.
   rPois:     It protects you from poison.
   MP:        It affects your magic capacity (+9).
 P - the +3 trident "Mefaj" (weapon) {drain, rF+ Dex+4 Stlth+}
   (You found it on level 10 of the Dungeon)

   A truly terrible weapon, it drains the life of any living foe it strikes.
   Dex:       It affects your dexterity (+4).
   rF:        It protects you from fire.
   Stlth:     It makes you more stealthy.
Missiles
 h - a throwing net
 l - 23 poisoned darts
Armour
 f - a +0 kite shield
 u - a +0 cloak (melded)
 w - +0 swamp dragon scales (melded)
 B - an orb of wrath (worn)
Jewellery
 q - a ring of magical power (left branch)
 t - a ring of magical power (right branch)
 J - an amulet of reflection
 K - an amulet of guardian spirit (around neck)
Wands
 g - a wand of acid (2)
 x - a wand of charming (15)
 E - a wand of roots (14)
 O - a wand of flame (15)
Scrolls
 c - 3 scrolls of enchant armour {unknown}
 i - 2 scrolls of magic mapping {unknown}
 n - 6 scrolls of teleportation
 r - 3 scrolls of blinking
 s - 4 scrolls of enchant weapon
 z - 2 scrolls of brand weapon
 A - a scroll of silence {unknown}
 D - 3 scrolls of immolation {unknown}
 G - 2 scrolls of fog {unknown}
 H - 3 scrolls of vulnerability
 I - 2 scrolls of torment {unknown}
 L - a scroll of amnesia {unknown}
Potions
 a - a potion of lignification
 b - a potion of magic
 d - 2 potions of curing
 e - 2 potions of brilliance
 j - 2 potions of flight
 k - a potion of haste
 m - a potion of ambrosia {unknown}
 p - 2 potions of attraction {unknown}
 C - 2 potions of berserk rage {unknown}
 F - 2 potions of degeneration {unknown}
 M - a potion of might
 N - a potion of mutation {unknown}


   Skills:
 + Level 8.7 Fighting
 + Level 2.5 Armour
 - Level 1.7 Dodging
 - Level 1.7 Stealth
 + Level 8.4 Spellcasting
 + Level 2.5 Hexes
 * Level 14.1 Necromancy
 + Level 1.5 Earth Magic


You had 3 spell levels left.
You knew the following spells:

 Your Spells              Type           Power      Damage    Failure   Level
a - Necrotise             Necr           100%       1d9       1%          1
b - Agony                 Necr           57%        N/A       1%          5
c - Vampiric Draining     Necr           57%        2d10      1%          3
d - Animate Dead          Necr           57%        N/A       1%          4
e - Anguish               Hex/Necr       19%        N/A       2%          4
f - Death Channel         Necr           28%        N/A       4%          6

Your spell library contained the following spells:

 Spells                   Type           Power      Damage    Failure   Level
 Cigotuvi's Dreadful Rot  Necr/Pois/Air  50%        N/A       1%          2
 Sublimation of Blood     Necr           57%        N/A       1%          2
 Apportation              Tloc           14%        N/A       9%          1
 Magic Dart               Conj           28%        1d4       9%          1
 Call Imp                 Summ           7%         N/A       13%         2
 Searing Ray              Conj           14%        2d5       13%         2
 Dazzling Flash           Conj/Hex       24%        N/A       16%         3
 Mephitic Cloud           Conj/Pois/Air  7%         N/A       26%         3
 Borgnjor's Vile Clutch   Necr/Erth      18%        N/A       10%         5
 Fulminant Prism          Conj/Hex       6%         3d6       45%         4
 Simulacrum               Ice/Necr       17%        N/A       58%         6
 Silence                  Hex/Air        6%         N/A       82%         5
 Alistair's Intoxication  Tmut/Pois      4%         N/A       94%         5


Dungeon Overview and Level Annotations

Branches:
Dungeon (11/15)            Temple (1/1) D:5            Lair (0/5) D:11
    Orc (0/2) D:9

Altars:
Ashenzari
Cheibriados
Dithmenos
Fedhas
Gozag
Hepliaklqana
Kikubaaqudgha
Makhleb
Okawaru
Qazlal
Ru
Sif Muna
Trog
Uskayaw
Vehumet
Wu Jian
Xom
Yredelemnul

Shops:
D:2 (   D:3 !   D:11 [


Innate Abilities, Weirdness & Mutations

You are a tree.
Your roots penetrate the ground, keeping you stationary.
You cannot be teleported.
You are immune to unholy pain and torment.
Your maximum health is greatly increased.
Your equipment is partially melded.
You are surrounded by a mild repulsion field. (EV +2)
You sometimes emit foul miasma when damaged in melee.
You sometimes gain power by taking damage.
((Your touch may irresistibly damage your foes and sap their willpower.))


Message History

You turn into a tree.
Your +0 cloak melds into your body.
Your +0 swamp dragon scales melds into your body.
Your roots penetrate the ground.
The yak gores you!
* * * LOW HITPOINT WARNING * * *
The yak gores you.
* * * LOW HITPOINT WARNING * * *
The shadow hits you. The yak gores your spectral yak.
Your spectral yak gores the yak but does no damage.
You hit the yak but do no damage.
The yak is almost dead.
The yak barely misses you. The yak gores you but does no damage.
The shadow hits you. The yak gores your spectral yak.
The orc priest hits your worm zombie with a +0 dagger.
Your spectral worm barely misses the shadow.
Your spectral yak gores the yak.
Your worm zombie bites the yak.
The yak gores you.
* * * LOW HITPOINT WARNING * * *
You feel better. The yak gores you.
* * * LOW HITPOINT WARNING * * *
The shadow hits you. The yak gores your spectral yak!
The orc priest hits your worm zombie with a +0 dagger.
Your spectral yak gores the yak!
The yak dies!
Kikubaaqudgha accepts your kill.
The dead are walking!
A glowing mist starts to gather...
Your spectral worm bites the shadow.
The yak gores you but does no damage.
You puncture the yak!
You kill the yak!
Kikubaaqudgha accepts your kill.
The dead are walking!
A glowing mist starts to gather...
The shadow hits you. The yak gores you.
* * * LOW HITPOINT WARNING * * *
The orc priest hits your spectral yak but does no damage.
The shadow hits you. The yak gores you!
* * * LOW HITPOINT WARNING * * *
You emit a cloud of foul miasma!
The orc priest calls down the wrath of Beogh upon you.
Beogh smites you!
You die...
Kikubaaqudgha rasps: "You have failed me!
Welcome... death!"

# .
#.#######.!.
#..ZZ....#
#.ZZ♣W>..#
#..ZYZ...#
#.Z.o....#
#..........#
#........#.#
#........# .
#........#
#........#


You could see a yak (ally target), a shadow (ally target), an orc priest (ally
target), 3 friendly spectral yaks, a friendly spectral worm, 2 friendly yak
zombies and a friendly worm zombie.

Vanquished Creatures
  A great orb of eyes (D:10)
  Erolcha (D:9)
  A manticore (D:11)
  The ghost of Heedrag the Conjurer, an amateur DsCj of Gozag (D:5)
  Sigmund (D:3)
  Eustachio (D:4)
  19 yaks
  A basilisk (D:9)
  Edmund (D:4)
  Duvessa (D:6)
  2 black bears (D:6)
  5 orc warriors
  5 ogres
  2 sky beasts
  2 phantoms
  2 kobold brigands (D:6)
  3 scorpions
  2 necrophages
  5 wights (D:7)
  Dowan (D:6)
  5 killer bees (D:8)
  A howler monkey (D:8)
  A lava snake (D:10)
  3 jellies
  5 hounds
  5 orc priests
  2 gnoll boudas
  4 iguanas
  12 orc wizards
  12 gnolls
  4 adders
  3 white imps
  An ufetubus (D:6)
  3 worms
  A dart slug (D:2)
  28 orcs
  5 bats
  10 endoplasms
  2 giant cockroaches
  7 hobgoblins
  17 kobolds
  5 quokkas
  11 ball pythons
  2 frilled lizards
  3 goblins
  3 rats
212 creatures vanquished.

Vanquished Creatures (collateral kills)
  A two-headed ogre (D:11)
  A manticore (D:10)
  A gargoyle (D:10)
  12 yaks
  A steam dragon (D:8)
  An ice beast (D:8)
  A killer bee (D:8)
  A howler monkey (D:8)
  A lava snake (D:10)
  A jelly (D:8)
  6 orcs
  An endoplasm (D:1)
  A bat (D:1)
29 creatures vanquished.

Vanquished Creatures (others)
  An orc knight (D:11)
  A two-headed ogre zombie (D:11)
  A bullfrog (D:10)
  3 yak zombies (D:10)
  A bullfrog zombie (D:10)
  A scorpion zombie (D:4)
  A killer bee zombie (D:8)
  4 hound zombies
  An adder zombie (D:6)
  An elf zombie (D:6)
  2 gnoll zombies (D:7)
  5 orc zombies
22 creatures vanquished.

Grand Total: 263 creatures vanquished

Notes
Turn   | Place    | Note
-------+----------+-------------------------------------------
     0 | D:1      | Bnni the Demonspawn Necromancer began the quest for the
                  | Orb.
     0 | D:1      | Reached XP level 1. HP: 13/13 MP: 3/3
   178 | D:1      | Gained mutation: You sometimes gain a little power by
                  | taking damage. [demonic ancestry]
   178 | D:1      | Reached XP level 2. HP: 20/20 MP: 1/5
   578 | D:1      | Reached skill level 1 in Fighting
   771 | D:1      | You fall into a shaft and drop 1 floor!
   802 | D:2      | Found a hazy altar of Hepliaklqana.
   811 | D:2      | Reached skill level 5 in Necromancy
   843 | D:2      | Reached XP level 3. HP: 26/26 MP: 2/6
   935 | D:2      | Learned a level 3 spell: Vampiric Draining
   954 | D:2      | Gained mutation: You are surrounded by a mild repulsion
                  | field. (EV +2) [demonic ancestry]
   954 | D:2      | Reached XP level 4. HP: 23/32 MP: 2/7
  1164 | D:2      | Found Oshemn's Weapon Emporium.
  1654 | D:2      | Identified the +5 dagger of Kyosiloa {venom, rElec rPois
                  | MP+9 Str-5}
  2056 | D:3      | Gained mutation: Your touch may inflict minor irresistible
                  | damage on your foes. [demonic ancestry]
  2056 | D:3      | Reached XP level 5. HP: 38/38 MP: 9/9
  2061 | D:3      | Learned a level 4 spell: Animate Dead
  2210 | D:3      | Found a faded altar of an unknown god.
  2310 | D:3      | Found Maestrup's Distillery.
  2317 | D:3      | Bought a potion of heal wounds for 50 gold pieces
  2317 | D:3      | Bought a potion of might for 40 gold pieces
  2631 | D:3      | Found a blossoming altar of Fedhas.
  2643 | D:3      | Found an opulent altar of Gozag.
  2650 | D:3      | Found a shimmering altar of Xom.
  2657 | D:3      | Found an ornate altar of the Wu Jian Council.
  2665 | D:3      | Found a burning altar of Makhleb.
  2672 | D:3      | Found a shadowy altar of Dithmenos.
  2678 | D:3      | Found a bloodstained altar of Trog.
  2820 | D:3      | Noticed Sigmund
  2842 | D:3      | Killed Sigmund
  2843 | D:3      | Reached skill level 6 in Necromancy
  2843 | D:3      | Gained mutation: You may rarely emit foul miasma when
                  | damaged in melee. [demonic ancestry]
  2843 | D:3      | Reached XP level 6. HP: 29/46 MP: 11/11
  3327 | D:4      | Reached skill level 7 in Necromancy
  3449 | D:4      | Gained mutation: You sometimes gain power by taking damage.
                  | [demonic ancestry]
  3449 | D:4      | Reached XP level 7. HP: 48/52 MP: 12/12
  3634 | D:4      | Noticed Eustachio
  3673 | D:4      | Killed Eustachio
  3887 | D:4      | Found a shimmering blue altar of Sif Muna.
  3964 | D:4      | Noticed Edmund
  3973 | D:4      | Killed Edmund
  3974 | D:4      | Reached skill level 8 in Necromancy
  4167 | D:4      | Gained mutation: You sometimes emit foul miasma when
                  | damaged in melee. [demonic ancestry]
  4167 | D:4      | Reached XP level 8. HP: 42/61 MP: 15/15
  4302 | D:5      | Entered Level 5 of the Dungeon
  4308 | D:5      | Found a runed translucent door.
  4309 | D:5      | Noticed Heedrag's ghost (amateur DsCj)
  4442 | D:5      | Found a staircase to the Ecumenical Temple.
  4451 | Temple   | Entered the Ecumenical Temple
  4497 | Temple   | Became a worshipper of Kikubaaqudgha
  4659 | D:5      | Reached skill level 5 in Spellcasting
  4659 | D:5      | Reached skill level 9 in Necromancy
  4812 | D:5      | Reached skill level 5 in Fighting
  4941 | D:5      | Killed Heedrag's ghost
  5122 | D:6      | Reached skill level 10 in Necromancy
  5290 | D:6      | Gained mutation: Your touch may inflict irresistible damage
                  | on your foes. [demonic ancestry]
  5290 | D:6      | Reached XP level 9. HP: 56/69 MP: 17/17
  5293 | D:6      | Reached * piety under Kikubaaqudgha
  5293 | D:6      | Received a gift from Kikubaaqudgha
  5629 | D:6      | Noticed Dowan
  5635 | D:6      | Killed Dowan
  5639 | D:6      | Noticed Duvessa
  5646 | D:6      | Your ally Dowan died
  5657 | D:6      | Killed Duvessa
  5681 | D:6      | Reached skill level 11 in Necromancy
  6522 | D:7      | Reached ** piety under Kikubaaqudgha
  6596 | D:7      | Identified the +4 morningstar of the Nurturing Coward
                  | {venom, rElec rPois}
  7038 | D:7      | Reached XP level 10. HP: 74/77 MP: 20/20
  7039 | D:7      | Reached skill level 12 in Necromancy
  7293 | D:7      | Learned a level 5 spell: Agony
  8018 | D:9      | Noticed Erolcha
  8032 | D:9      | Killed Erolcha
  8039 | D:9      | Reached skill level 13 in Necromancy
  8273 | D:9      | Reached *** piety under Kikubaaqudgha
  8273 | D:9      | Received a gift from Kikubaaqudgha
  8291 | D:9      | Learned a level 4 spell: Anguish
  8298 | D:9      | Learned a level 6 spell: Death Channel
  8310 | D:9      | Found a staircase to the Orcish Mines.
  8919 | D:10     | Entered Level 10 of the Dungeon
  8953 | D:10     | Found a basalt altar of Yredelemnul.
  8970 | D:10     | Reached skill level 1 in Armour
  8991 | D:10     | Reached skill level 1 in Hexes
  8991 | D:10     | Gained mutation: Your touch may irresistibly damage your
                  | foes and sap their willpower. [demonic ancestry]
  8991 | D:10     | Reached XP level 11. HP: 74/87 MP: 23/23
  9202 | D:10     | Identified the +3 trident "Mefaj" {drain, rF+ Dex+4 Stlth+}
  9440 | D:10     | Reached skill level 1 in Earth Magic
  9445 | D:10     | Reached skill level 14 in Necromancy
  9705 | D:11     | Noticed a skeletal warrior
  9705 | D:11     | Noticed a skeletal warrior
  9705 | D:11     | Noticed a skeletal warrior
  9705 | D:11     | Noticed a skeletal warrior
  9705 | D:11     | Found Cyalis's Antique Armour Boutique.
  9746 | D:11     | Noticed a two-headed ogre
  9756 | D:11     | Killed a two-headed ogre
  9925 | D:11     | Found a staircase to the Lair.
  9942 | D:11     | Killed from afar by an orc priest

Illustrated notes

Levels and vault maps discovered:
D:1:      dpeg_arrival_rooms_with_view, layout_basic, minmay_tall_x
D:2:      layout_basic, basic_altar, serial_shops,
          nicolae_shop_bloodbath_and_beyond
D:3:      layout_loops_ring, grunt_temple_overflow_octagram, serial_shops,
          nicolae_shop_waterfront, hellmonk_ecumenical_altar_leap_of_faith,
          roderic_lattice_a, uniq_sigmund
D:4:      layout_loops_cross, nicolae_overflow_crystal_walls, minivault_23,
          uniq_edmund, uniq_eustachio
D:5:      layout_basic, minmay_temple_entry_tees, ebering_ghost_reflecting_pool
D:6:      layout_basic, minmay_diced_spiral, uniq_duvessa
D:7:      layout_loops_ring, serial_bayou_pond_e, minmay_manual_mandibuliform
D:8:      layout_basic
D:9:      layout_loops_ring, orc_0_dummy, minmay_misc_feat_ornament,
          uniq_erolcha
D:10:     layout_big_octagon, mainiacjoe_overflow_tiny_flanked
D:11:     layout_rooms, lair_entry_dummy, serial_shops,
          nicolae_shop_competitors_out_of_business, minmay_misc_feat_enclosed,
          palyth_stone_intersect, nicolae_wwwww, hangedman_weighted_door
Temple:   nicolae_temple_bog_church

Skill      XL: |  1  2  3  4  5  6  7  8  9 10 11 |
---------------+----------------------------------+-----
Fighting       | 1 2 3 4 5 7 8 |  8.7
Necromancy     | 5 6 7 8 10 11 13 14 | 14.1
Spellcasting   | 3 4 5 6 8 |  8.4
Armour         | 1 2 |  2.5
Hexes          | 1 2 |  2.5
Earth Magic    | 1 |  1.5
Dodging        | |  1.7
Stealth        | |  1.7

Action                   |  1- 3 |  4- 6 |  7- 9 | 10-12 || total
-------------------------+-------+-------+-------+-------++-------
Melee: Unarmed           |    27 |       |       |       ||    27
       Spear             |    13 |    17 |       |       ||    30
       Whip              |       |    25 |       |       ||    25
       Dagger            |       |    64 |   368 |   158 ||   590
       Punch             |       |     3 |     2 |       ||     5
       Touch             |       |     5 |     6 |       ||    11
       Trident           |       |       |       |    34 ||    34
Throw: Dart              |       |     1 |       |       ||     1
       Throwing net      |       |       |     1 |       ||     1
 Cast: Necrotise         |    44 |     9 |     5 |     1 ||    59
       Vampiric Draining |     1 |     2 |     8 |     1 ||    12
       Animate Dead      |       |     1 |     4 |     5 ||    10
       Death Channel     |       |       |       |     2 ||     2
       Anguish           |       |       |       |     1 ||     1
Invok: Unearth Wretches  |       |       |       |     3 ||     3
  Use: Scroll            |       |       |     8 |     3 ||    11
       Potion            |       |       |     1 |     6 ||     7
 Stab: Sleeping          |     1 |     7 |     2 |       ||    10
       Paralysed         |       |       |       |     4 ||     4
       Distracted        |       |       |       |     2 ||     2
Armor: Robe              |    12 |    15 |     5 |       ||    32
       Leather armour    |       |       |    87 |     1 ||    88
       Swamp dragon scal |       |       |       |    57 ||    57
       Skin              |       |       |       |     7 ||     7
Dodge: Dodged            |    42 |    46 |   211 |    90 ||   389
Block: Orb               |       |       |    22 |    20 ||    42
       Reflection        |       |       |       |     1 ||     1

Table legend: (Time is in decaauts)
 A = Elapsed time spent in this place.
 B = Non-inter-level travel time spent in this place.
 C = Inter-level travel time spent in this place.
 D = Time resting spent in this place.
 E = Time spent auto-exploring this place.
 F = Levels seen in this place.
 G = Mean time per level.
                   A        B        C        D        E       F      G
               +--------+--------+--------+--------+--------+-----+--------+
         Total |  10252 |   9945 |    307 |   1154 |   6863 |  12 |  854.3 |
       Dungeon |  10179 |   9891 |    288 |   1154 |   6830 |  11 |  925.4 |
        Temple |     72 |     53 |     19 |      0 |     33 |   1 |   72.0 |
               +--------+--------+--------+--------+--------+-----+--------+

Top non-repeatable levels by time:
     D:6: 1613 daAuts
     D:4: 1331 daAuts
     D:2: 1057 daAuts
    D:10: 1012 daAuts
     D:7: 983 daAuts
     D:1: 970 daAuts
     D:3: 961 daAuts
     D:9: 916 daAuts
     D:5: 658 daAuts
     D:8: 613 daAuts
  Temple: 72 daAuts
    D:11: 61 daAuts
